 Dungeon Crawl Stone Soup version 0.30-b1-2-g02819fbbbe (webtiles) character file.

Game seed: 10353165529245887268

3876 raph the Severer (level 10, -14/77 HPs)
             Began as a Minotaur Berserker on June 7, 2023.
             Was an Elder of Trog.
             Demolished by a two-headed ogre
             ... wielding a +0 giant club
              (18 damage)
             ... on level 8 of the Dungeon.
             The game lasted 00:08:41 (8990 turns).

raph the Severer (Minotaur Berserker)               Turns: 8990, Time: 00:08:42

Health: -14/77     AC: 14    Str: 23    XL:     10   Next: 0%
Magic:  9/9        EV:  9    Int:  4    God:    Trog [****..]
Gold:   540        SH:  0    Dex: 13    Spells: 9/9 levels left

rFire   . . .        a - +0 war axe
rCold   . . .        (no shield)
rNeg    . . .        g - +0 chain mail
rPois   .            s - +1 hat {Stlth+}
rElec   .            d - +0 cloak
rCorr   .            (no gloves)
SInv    .            (no boots)
Will    .....        y - amulet of regeneration Stlth
                     p - +4 ring of protection
HPRegen 1.12/turn    (no ring)
MPRegen 0.11/turn

%: no passive effects
@: confused, ambrosia-drunk, on berserk cooldown
A: horns 2, retaliatory headbutt
a: Renounce Religion, Berserk, Trog's Hand, Brothers in Arms


You were on level 8 of the Dungeon.
You worshipped Trog.
Trog was greatly pleased with you.
You visited 1 branch of the dungeon, and saw 8 of its levels.

You collected 540 gold pieces.

Inventory:

Hand Weapons
 a - a +0 war axe (weapon)
 b - a +1 hand axe of flaming
 k - a +0 hand axe
 q - the +3 dagger "Huluqeza" {speed, rElec rF+ Stlth+}
   (You found it on level 3 of the Dungeon)

   rF:        It protects you from fire.
   rElec:     It insulates you from electricity.
   Stlth:     It makes you more stealthy.
Missiles
 e - 2 throwing nets (quivered)
 m - 6 boomerangs
 u - 26 poisoned darts
Armour
 d - a +0 cloak (worn)
 f - a +0 ring mail
 g - a +0 chain mail (worn)
 h - a +0 animal skin
 s - a +1 hat of stealth (worn)
Jewellery
 p - a +4 ring of protection (left hand)
 y - an amulet of regeneration (around neck)
 C - a ring of see invisible
Wands
 v - a wand of roots (5)
 x - a wand of quicksilver (9)
Scrolls
 t - a scroll of teleportation
 B - a scroll of poison
 D - a scroll of fog
Potions
 c - 7 potions of lignification
 i - 2 potions of resistance
 j - 6 potions of attraction
 l - 2 potions of mutation
 o - a potion of cancellation
 r - a potion of magic {unknown}
 w - 2 potions of haste
 z - a potion of flight
 A - a potion of might


   Skills:
 - Level 3.6 Fighting
 + Level 17.0 Axes
 - Level 2.4 Armour
 - Level 2.1 Dodging


You had 9 spell levels left.
You didn't know any spells.
Your spell library was empty.

Dungeon Overview and Level Annotations

Branches:
Dungeon (8/15)             Temple (0/1) D:5
   Lair: D:8-11

Altars:
Gozag
Hepliaklqana
Qazlal
Wu Jian

Annotations:
D:6 3 runed translucent doors, Rwicked's ghost, novice VSBr
D:7 1 runed translucent door, Discosetron's ghost, novice DjVM
D:8 Joseph


Innate Abilities, Weirdness & Mutations

You have a pair of horns on your head.
You reflexively headbutt those who attack you in melee.


Message History

You slash the two-headed ogre! You headbutt the two-headed ogre.
The two-headed ogre is moderately wounded.
The two-headed ogre hits you with a +0 giant club!!
The two-headed ogre hits you with a +0 giant club!
You hit the two-headed ogre.
The two-headed ogre is heavily wounded.
You hit the two-headed ogre.
The two-headed ogre is heavily wounded.
You feel yourself speed up.
The two-headed ogre hits you with a +0 giant club!!
* * * LOW HITPOINT WARNING * * *
The two-headed ogre hits you with a +0 giant club.
* * * LOW HITPOINT WARNING * * *
Things that are here:
a +0 halberd; a +0 robe You are confused.
You feel invigorated.
The two-headed ogre hits you with a +0 giant club.
* * * LOW HITPOINT WARNING * * *
The two-headed ogre hits you with a +0 giant club!
* * * LOW HITPOINT WARNING * * *
Joseph, a Mercenary comes into view.
He is wielding a +0 quarterstaff.
Joseph shouts!
You're too confused to move!
Joseph unwields a +0 quarterstaff.
Joseph wields a +0 sling.
Joseph shoots a sling bullet.
The sling bullet hits you but does no damage.
The two-headed ogre attacks as you move away!
The two-headed ogre hits you with a +0 giant club.
The two-headed ogre hits you with a +0 giant club!
* * * LOW HITPOINT WARNING * * *
Joseph shoots a sling bullet.
The sling bullet hits you!
* * * LOW HITPOINT WARNING * * *
You slash the two-headed ogre!
The two-headed ogre is severely wounded.
Joseph shoots a sling bullet.
The sling bullet barely misses you.
The sling bullet barely misses the two-headed ogre.
The two-headed ogre hits you with a +0 giant club!!
* * * LOW HITPOINT WARNING * * *
The two-headed ogre hits you with a +0 giant club!!
You die...

...#. ##. ... .... ...
#..## ..@#####.. ....
#.....)#.# #..# .#
#...##)#.# #..# .. #
#...##)#.# #..# ...
#.#...##.#.###..##....
#.....##).)...........
###..@O....###..##....
#.................#.....
#.#####.####.####.......
#.# #.# #.# #.#..... #.#
#.# #.# #.###... #.# #.#
#.# #.# .. #.# #.#
#.####.###...
#######.#####.#
#............
..........<##.#
#..........#.


You could see Joseph and a two-headed ogre.

Vanquished Creatures
  Grinder (D:6)
  4 yaks (D:6)
  Edmund (D:6)
  2 water moccasins
  An ice beast (D:6)
  An orc warrior (D:6)
  A black bear (D:4)
  4 sky beasts
  A phantom (D:7)
  Blork the orc (D:5)
  A kobold brigand (D:7)
  3 bullfrogs
  4 scorpions
  9 wights
  4 jellies
  A hound (D:6)
  3 orc priests
  A sleepcap (D:6)
  9 orc wizards
  4 iguanas
  11 gnolls
  10 adders
  A white imp (D:5)
  An ufetubus (D:5)
  2 worms
  3 dart slugs
  35 orcs
  7 endoplasms
  A giant cockroach (D:1)
  40 goblins
  28 hobgoblins
  A quokka (D:1)
  7 ball pythons
  5 bats
  3 frilled lizards (D:1)
  14 kobolds
  4 rats
229 creatures vanquished.

Vanquished Creatures (others)
  7 plants (D:2)
7 creatures vanquished.

Grand Total: 236 creatures vanquished

Notes
Turn   | Place    | Note
-------+----------+-------------------------------------------
     0 | D:1      | raph the Minotaur Berserker began the quest for the Orb.
     0 | D:1      | Reached XP level 1. HP: 19/19 MP: 0/0
   321 | D:1      | Reached skill level 4 in Axes
   452 | D:1      | Reached XP level 2. HP: 23/26 MP: 1/1
   780 | D:1      | Reached skill level 5 in Axes
   917 | D:1      | Reached XP level 3. HP: 31/31 MP: 2/2
  1027 | D:1      | Reached ** piety under Trog
  1032 | D:1      | Identified the +1 mace "Piqud" {venom, Fragile Will+ Int+4}
  1262 | D:2      | Found an ornate altar of the Wu Jian Council.
  1388 | D:2      | You fall into a shaft and drop 2 floors!
  2085 | D:3      | Identified the +3 dagger "Huluqeza" {speed, rElec rF+
                  | Stlth+}
  2156 | D:3      | Reached skill level 6 in Axes
  2156 | D:3      | Reached XP level 4. HP: 39/39 MP: 3/3
  2262 | D:3      | Noticed a golden eye
  2264 | D:3      | Found a faded altar of an unknown god.
  2267 | D:3      | Noticed a floating eye
  2267 | D:3      | Noticed a shining eye
  2267 | D:3      | Noticed an eye of devastation
  2327 | D:3      | Reached XP level 5. HP: 45/45 MP: 4/4
  2328 | D:3      | Reached skill level 7 in Axes
  2919 | D:4      | Noticed a black bear
  2927 | D:4      | Killed a black bear
  2928 | D:4      | Reached skill level 8 in Axes
  2928 | D:4      | Reached XP level 6. HP: 51/51 MP: 5/5
  3630 | D:4      | Reached skill level 9 in Axes
  3714 | D:4      | Noticed a sky beast
  3718 | D:4      | Killed a sky beast
  3719 | D:4      | Reached XP level 7. HP: 57/57 MP: 6/6
  4004 | D:4      | Identified a scroll of acquirement
  4004 | D:4      | Acquired a +1 hat of stealth
  4465 | D:4      | Reached *** piety under Trog
  4546 | D:4      | Reached skill level 10 in Axes
  5426 | D:5      | Entered Level 5 of the Dungeon
  5882 | D:5      | Found a staircase to the Ecumenical Temple.
  5894 | D:5      | Noticed Blork the orc
  5899 | D:5      | Reached skill level 11 in Axes
  5900 | D:5      | Killed Blork the orc
  5974 | D:5      | Found Ciugenos's Armour Emporium.
  5991 | D:5      | Reached XP level 8. HP: 26/64 MP: 7/7
  6291 | D:5      | Reached skill level 12 in Axes
  6352 | D:5      | Found a stormy altar of Qazlal.
  6357 | D:5      | Found a hazy altar of Hepliaklqana.
  6552 | D:5      | Reached **** piety under Trog
  6790 | D:6      | Reached skill level 13 in Axes
  6906 | D:6      | Noticed Edmund
  6911 | D:6      | Killed Edmund
  6999 | D:6      | Found a runed translucent gate.
  6999 | D:6      | Found a runed translucent gate.
  6999 | D:6      | Found an opulent altar of Gozag.
  7002 | D:6      | Found a runed translucent gate.
  7003 | D:6      | Noticed Rwicked's ghost (novice VSBr)
  7003 | D:6      | Noticed a cyclops
  7169 | D:6      | Noticed Grinder
  7179 | D:6      | Killed Grinder
  7180 | D:6      | Reached skill level 14 in Axes
  7265 | D:6      | Reached XP level 9. HP: 69/70 MP: 8/8
  7286 | D:6      | Reached skill level 15 in Axes
  7964 | D:6      | Reached skill level 16 in Axes
  8479 | D:7      | Noticed Discosetron's ghost (novice DjVM)
  8480 | D:7      | Found a runed translucent door.
  8952 | D:8      | Reached skill level 17 in Axes
  8961 | D:8      | Reached XP level 10. HP: 77/77 MP: 9/9
  8974 | D:8      | Noticed a two-headed ogre
  8982 | D:8      | HP: 1/77 [two-headed ogre/+0 giant club (9)]
  8986 | D:8      | Noticed Joseph
  8990 | D:8      | Demolished by a two-headed ogre

Illustrated notes

Levels and vault maps discovered:
D:1:      erik_arrival_triangle_medium, layout_loops_cross, serial_forest,
          infiniplex_forest_lined_ring, infiniplex_forest_clump_curved,
          infiniplex_forest_straight_3, infiniplex_forest_corner_1,
          infiniplex_forest_clump_tiny, infiniplex_forest_clump_medium,
          chequers_serial_rivers_micro_a, st_stairs_2, moated_statue,
          dk_noncrumbling_4, minmay_tiny_reverse_x
D:2:      layout_basic, basic_altar, kennysheep_boxes
D:3:      cheibrodos_helix_gallery, layout_basic,
          hellmonk_ecumenical_altar_watching_god
D:4:      minmay_goblin_kobold_castle, layout_basic, kennysheep_cluttered_room
D:5:      layout_basic, nicolae_overflow_squiral, temple_pool_b, serial_shops,
          nicolae_shop_tiny_glass, uniq_blork_the_orc
D:6:      layout_loops_ring, ebering_ghost_gozag, uniq_edmund, uniq_grinder
D:7:      layout_basic, hellmonk_ghost_happy_afterlife
D:8:      layout_loops_ring, nicolae_overflow_hidden_temple,
          nicolae_ossuary_entry_false_entrances, nicolae_straight_to_the_point,
          uniq_joseph

Skill      XL: |  1  2  3  4  5  6  7  8  9 |
---------------+----------------------------+-----
Axes           | 4 5 6 8 9 11 14 17 | 17.0
Fighting       | |  3.6
Armour         | |  2.4
Dodging        | |  2.1

Action                     |  1- 3 |  4- 6 |  7- 9 | 10-12 || total
---------------------------+-------+-------+-------+-------++-------
  Melee: Hand axe          |    98 |     6 |       |       ||   104
         Headbutt          |    15 |     5 |    52 |     1 ||    73
         War axe           |       |    43 |   331 |     4 ||   378
         Punch             |       |       |     3 |       ||     3
 Invoke: Berserk           |     3 |     6 |    18 |       ||    27
    Use: Scroll            |     7 |     1 |    10 |       ||    18
         Potion            |       |       |     1 |     1 ||     2
 Armour: Animal skin       |     2 |       |       |       ||     2
         Ring mail         |    17 |       |       |       ||    17
         Chain mail        |     3 |    40 |   159 |     1 ||   203
  Dodge: Dodged            |    54 |    29 |   121 |     1 ||   205
